 Dungeon Crawl Stone Soup version 0.30-a0-800-g7c544603b3 (webtiles) character file.

Game seed: 15404184703115668268

2228 cforsyth the Covert (level 9, -2/57 HPs)
             Began as a Kobold Gladiator on Feb 21, 2023.
             Was an Initiate of Dithmenos.
             Slain by a hornet (10 damage)
             ... while paralysed by a hornet
             ... on level 7 of the Dungeon.
             The game lasted 00:12:34 (7471 turns).

cforsyth the Covert (Kobold Gladiator)              Turns: 7471, Time: 00:12:35

Health: -2/57      AC: 14    Str: 11    XL:     9   Next: 62%
Magic:  9/9        EV:  3    Int: 11    God:    Dithmenos [......]
Gold:   374        SH:  0    Dex: 19    Spells: 8/8 levels left

rFire   . . .      SeeInvis .    a - +1 long sword (protect)
rCold   . . .      Faith    .    (no shield)
rNeg    . . .      Spirit   .    b - +0 leather armour
rPois   .          Reflect  .    c - +0 helmet
rElec   .          Harm     .    (no cloak)
rCorr   .          Rampage  .    (no gloves)
Will    .....                    t - +2 pair of boots
Stlth   +++++                    (no amulet)
HPRegen 0.29/turn                (no ring)
MPRegen 0.11/turn                (no ring)

@: paralysed, mighty, under a protective aura, slowed
A: small, no large weapons, nightstalker 3
a: Renounce Religion


You were on level 7 of the Dungeon.
You worshipped Dithmenos.
Dithmenos was noncommittal.
You visited 2 branches of the dungeon, and saw 8 of its levels.
You also visited: Ossuary.

You collected 374 gold pieces.

Inventory:

Hand Weapons
 a - a +1 long sword of protection (weapon)
Missiles
 d - 3 throwing nets (quivered)
 e - 9 boomerangs
 v - 16 poisoned darts
Armour
 b - a +0 leather armour (worn)
 c - a +0 helmet (worn)
 t - a +2 pair of boots (worn)
Jewellery
 m - a ring of see invisible
Wands
 j - a wand of flame (20)
 p - a wand of light (4)
 q - a wand of polymorph (15)
 y - a wand of iceblast (7)
 B - a wand of digging (4)
Scrolls
 h - 3 scrolls of vulnerability {unknown}
 i - a scroll of enchant weapon
 k - 3 scrolls of teleportation
 o - 2 scrolls of immolation {unknown}
 r - 2 scrolls of blinking {unknown}
 u - 2 scrolls of identify
 x - 2 scrolls of brand weapon
 A - 2 scrolls of silence
Potions
 f - a potion of curing
 g - a potion of lignification
 l - a potion of might
 n - 2 potions of ambrosia {unknown}
 s - a potion of heal wounds
 w - 2 potions of cancellation {unknown}
 z - 3 potions of brilliance {unknown}
 C - a potion of invisibility {unknown}
 D - a potion of flight {unknown}


   Skills:
 + Level 7.0 Fighting
 + Level 5.6 Long Blades
 - Level 2.2 Throwing
 + Level 8.1 Dodging
 + Level 8.5 Stealth


You had 8 spell levels left.
You didn't know any spells.
Your spell library contained the following spells:

 Spells                   Type           Power      Damage    Failure   Level
 Ensorcelled Hibernation  Hex/Ice        0%         N/A       56%         2
 Lesser Beckoning         Tloc           0%         N/A       56%         2
 Gell's Gravitas          Tloc           0%         N/A       80%         3
 Spider Form              Tmut/Pois      0%         N/A       80%         3
 Teleport Other           Tloc           0%         N/A       80%         3
 Anguish                  Hex/Necr       0%         N/A       99%         4
 Olgreb's Toxic Radiance  Pois           0%         N/A       99%         4
 Ozocubu's Refrigeration  Ice            0%         4d7       100%        7
 Ignition                 Fire           0%         3d3       100%        8


Dungeon Overview and Level Annotations

Branches:
Dungeon (7/15)             Temple (1/1) D:6         Ossuary (visited)

Altars:
Cheibriados
Dithmenos
Elyvilon
Fedhas
Makhleb
Nemelex Xobeh
Sif Muna
Vehumet
Yredelemnul
The Shining One

Shops:
D:1 :


Innate Abilities, Weirdness & Mutations

You are small and have problems with some larger weapons.
You are completely attuned to the shadows.


Message History

You feel as though you will be slow longer.
The hornet stings you but does no damage.
The hornet misses you.
You feel better. The hornet stings you.
You are poisoned.
You feel as though you will be slow longer.
The hornet stings you but does no damage.
You closely miss the hornet.
The hornet is lightly wounded.
You feel very sick. The hornet completely misses you.
The hornet barely misses you.
You miss the hornet.
The hornet is lightly wounded.
You feel sick. The hornet stings you.
You feel as though you will be slow longer.
The hornet barely misses you. The hornet misses you.
You feel very mighty all of a sudden.
You feel sick. The hornet completely misses you.
The hornet stings you but does no damage.
You barely miss the hornet.
The hornet is lightly wounded.
You feel sick. The hornet closely misses you.
The hornet stings you but does no damage.
The hornet misses you.
Unknown command.
You slash the hornet!
Your weapon exudes an aura of protection.
The hornet is heavily wounded.
You feel sick.
You are no longer poisoned.
The hornet barely misses you. The hornet completely misses you.
You slash the hornet!
The hornet is severely wounded.
The hornet stings you!
* * * LOW HITPOINT WARNING * * *
You suddenly lose the ability to move!
The hornet stings you but does no damage.
The hornet barely misses you. The hornet stings you!
You die...

#.#................
#...##.....#.#.#.##
##.####...##.....#
#.# ##.###.....#
#.# #........^# #.#
#####.#.### #.# #.#
#@# #y# #.. ###. ..


You could see a hornet.

Vanquished Creatures
  Sigmund (D:3)
  2 wraiths (Ossuary)
  Menkaure (D:6)
  An ice beast (D:6)
  A black bear (D:6)
  2 ogres (D:6)
  2 centaurs
  2 phantoms
  2 scorpions
  4 wights (Ossuary)
  2 howler monkeys
  A centaur zombie (Ossuary)
  2 hounds
  3 jellies
  2 orc priests
  An iguana (D:4)
  An orc wizard (D:3)
  4 gnolls (D:5)
  13 adders
  3 white imps
  An ufetubus (D:6)
  3 adder zombies (Ossuary)
  A worm (D:2)
  A dart slug (D:2)
  16 orcs
  6 bats
  13 endoplasms
  7 giant cockroaches
  5 hobgoblins
  10 kobolds
  A quokka (D:5)
  5 ball pythons
  4 frilled lizards
  6 goblins
  A hobgoblin skeleton (Ossuary)
  A hobgoblin zombie (Ossuary)
  An orc skeleton (Ossuary)
  5 rats
137 creatures vanquished.

Vanquished Creatures (collateral kills)
  A kobold (D:4)
1 creature vanquished.

Vanquished Creatures (others)
  4 fungi (D:2)
  A plant (D:3)
  10 toadstools (D:2)
15 creatures vanquished.

Grand Total: 153 creatures vanquished

Notes
Turn   | Place    | Note
-------+----------+-------------------------------------------
     0 | D:1      | cforsyth the Kobold Gladiator began the quest for the Orb.
     0 | D:1      | Reached XP level 1. HP: 12/12 MP: 1/1
    66 | D:1      | Reached XP level 2. HP: 14/18 MP: 2/2
   170 | D:1      | Reached skill level 1 in Stealth
   330 | D:1      | Found Plog's Book Emporium.
   426 | D:1      | Reached XP level 3. HP: 18/22 MP: 3/3
   936 | D:2      | Reached XP level 4. HP: 27/27 MP: 4/4
  1736 | D:2      | Found a faded altar of an unknown god.
  1948 | D:2      | Reached XP level 5. HP: 32/32 MP: 5/5
  2240 | D:3      | Noticed Sigmund
  2255 | D:3      | Killed Sigmund
  2256 | D:3      | Reached skill level 5 in Dodging
  2256 | D:3      | Reached XP level 6. HP: 38/38 MP: 6/6
  2487 | D:3      | Reached XP level 7. HP: 43/43 MP: 7/7
  3116 | D:4      | Found a sand-covered staircase.
  3122 | Ossuary  | Entered an ossuary
  3224 | Ossuary  | Reached skill level 5 in Stealth
  3437 | Ossuary  | Noticed a flying skull
  3437 | Ossuary  | Noticed a wraith
  3455 | Ossuary  | Noticed a flying skull
  3490 | Ossuary  | Reached skill level 5 in Fighting
  3490 | Ossuary  | Reached XP level 8. HP: 36/48 MP: 8/8
  3542 | Ossuary  | Noticed a wraith
  3556 | Ossuary  | Killed a wraith
  3585 | Ossuary  | Noticed a flying skull
  3640 | Ossuary  | Noticed a wraith
  3658 | Ossuary  | Killed a wraith
  4013 | D:4      | You fall into a shaft and drop 2 floors!
  4072 | D:6      | Noticed Menkaure
  4084 | D:6      | Killed Menkaure
  4337 | D:6      | Found a snail-covered altar of Cheibriados.
  4406 | D:6      | Found a staircase to the Ecumenical Temple.
  4412 | Temple   | Entered the Ecumenical Temple
  4420 | Temple   | Became a worshipper of Dithmenos the Shadowed
  4438 | D:5      | Entered Level 5 of the Dungeon
  4467 | D:5      | Reached XP level 9. HP: 51/55 MP: 9/9
  4507 | D:5      | Reached skill level 5 in Long Blades
  6636 | D:6      | Found a sparkling altar of Nemelex Xobeh.
  6669 | D:6      | Found a burning altar of Makhleb.
  7406 | D:7      | Reached * piety under Dithmenos
  7455 | D:7      | Noticed a hornet
  7460 | D:7      | Paralysed by a hornet for 1 turns
  7470 | D:7      | Paralysed by a hornet for 3 turns
  7471 | D:7      | Slain by a hornet

Illustrated notes

Levels and vault maps discovered:
D:1:      amcnicky_arrival_gap_in_the_tavern_cellar, layout_rooms, serial_shops,
          nicolae_shop_hallway_plus
D:2:      cheibrodos_fertilizer, layout_basic,
          shapermc_ecumenical_altar_mp_highgroup, glass_columns_b
D:3:      layout_rooms, nrook_mini_vaults, corexii_shack, corexii_corridor_pit,
          kennysheep_flooded_box, uniq_sigmund
D:4:      layout_basic, lightli_ossuary_entry_decrepit_ruins
D:5:      layout_layer_cave
D:6:      layout_basic, cheibriados_altar_1, mainiacjoe_overflow_two_lobes,
          minmay_temple_entry_glass, nicolae_figureground_sparkle, uniq_menkaure
D:7:      layout_loops_corners, uniq_maggie
Temple:   nicolae_temple_no_exploring_needed

Skill      XL: |  1  2  3  4  5  6  7  8  9 |
---------------+----------------------------+-----
Stealth        | 1 2 4 5 7 8 |  8.5
Dodging        | 4 5 6 7 8 |  8.1
Fighting       | 3 4 5 6 7 |  7.0
Long Blades    | 3 4 5 |  5.6
Throwing       | |  2.2

Action                     |  1- 3 |  4- 6 |  7- 9 || total
---------------------------+-------+-------+-------++-------
  Melee: Long sword        |    91 |   120 |   330 ||   541
         Punch             |       |     1 |     2 ||     3
  Evoke: Wand              |       |       |     9 ||     9
    Use: Scroll            |       |       |    12 ||    12
         Potion            |       |       |     4 ||     4
   Stab: Sleeping          |     6 |    14 |    25 ||    45
         Distracted        |       |     1 |       ||     1
         Invisible         |       |       |     6 ||     6
 Armour: Leather armour    |    19 |    40 |   112 ||   171
  Dodge: Dodged            |    82 |   116 |   321 ||   519

Table legend: (Time is in decaauts)
 A = Elapsed time spent in this place.
 B = Non-inter-level travel time spent in this place.
 C = Inter-level travel time spent in this place.
 D = Time resting spent in this place.
 E = Time spent auto-exploring this place.
 F = Levels seen in this place.
 G = Mean time per level.
                   A        B        C        D        E       F      G
               +--------+--------+--------+--------+--------+-----+--------+
         Total |   7615 |   7396 |    219 |    794 |   5230 |   9 |  846.1 |
       Dungeon |   6873 |   6661 |    212 |    703 |   4775 |   7 |  981.9 |
        Temple |     15 |      8 |      7 |      0 |      2 |   1 |   15.0 |
       Ossuary |    726 |    726 |      0 |     91 |    453 |   1 |  726.0 |
               +--------+--------+--------+--------+--------+-----+--------+

Top non-repeatable levels by time:
     D:6: 1483 daAuts
     D:2: 1148 daAuts
     D:5: 1063 daAuts
     D:1: 1037 daAuts
     D:4: 925 daAuts
     D:3: 860 daAuts
 Ossuary: 726 daAuts
     D:7: 354 daAuts
  Temple: 15 daAuts
